 Dungeon Crawl Stone Soup version 0.26-a0-541-g3b3d21e777 (webtiles) character file.

Game seed: 5019184442259003508

2620 MrRokkomies the Chiller (level 9, -2/72 HPs)
             Began as a Demigod Ice Elementalist on Aug 16, 2020.
             Slain by a killer bee (3 damage)
             ... on level 6 of the Dungeon.
             The game lasted 00:17:44 (7272 turns).

MrRokkomies the Chiller (Demigod Ice Elementalist)  Turns: 7272, Time: 00:17:44

Health: -2/72      AC:  7    Str: 11    XL:     9   Next: 12%
Magic:  19/19      EV: 14    Int: 25    God:
Gold:   275        SH:  0    Dex: 16    Spells: 6/17 levels left

rFire    . . .     SeeInvis .   a - +1 halberd (venom)
rCold    + . .     Faith    .   (shield currently unavailable)
rNeg     . . .     Spirit   .   n - +0 ring mail
rPois    .         Reflect  .   i - +1 helmet
rElec    .         Harm     .   (no cloak)
rCorr    .                      (no gloves)
MR       +....                  (no boots)
Stlth    +.........             (no amulet)
HPRegen  0.22/turn              t - ring of protection from cold
MPRegen  0.16/turn              e - ring of protection from magic

@: lethally poisoned (-2 -> -11), about to teleport
A: high mp 1
a: no special abilities


You were on level 6 of the Dungeon.
You visited 1 branch of the dungeon, and saw 7 of its levels.
You also visited: Sewer.

You collected 275 gold pieces.

Inventory:

Hand Weapons
 a - a +1 halberd of venom (weapon)
 b - a +0 hunting sling
 w - a +4 vampiric whip
Missiles
 h - a throwing net
 p - 205 stones
 u - 65 poisoned darts (quivered)
 x - 43 sling bullets
Armour
 c - a +0 robe
 i - a +1 helmet (worn)
 n - a +0 ring mail (worn)
Jewellery
 e - a ring of protection from magic (right hand)
 m - an uncursed ring of wizardry
 t - a ring of protection from cold (left hand)
 y - an uncursed ring of resist corrosion
 F - an uncursed ring of wizardry
Wands
 D - a wand of random effects (11)
 E - a wand of digging (3)
Scrolls
 j - 3 scrolls of identify
 l - 2 scrolls of enchant weapon
 q - 6 scrolls of remove curse
 C - a scroll of teleportation
Potions
 d - 5 potions of curing
 f - 2 potions of haste
 g - a potion of ambrosia
 k - 8 potions of stabbing
 o - 2 potions of flight
 r - 3 potions of might
 s - 3 potions of brilliance
 v - 2 potions of lignification {unknown}
 A - 2 potions of heal wounds {unknown}
 B - a potion of degeneration {unknown}


   Skills:
 + Level 4.5 Fighting
 * Level 7.0 Dodging
 - Level 1.7 Stealth
 + Level 4.6 Spellcasting
 * Level 7.7 Ice Magic


You had 6 spell levels left.
You knew the following spells:

 Your Spells              Type           Power        Failure   Level
a - Freeze                Ice            ####         1%          1
b - Frozen Ramparts       Ice            #####.       2%          3
c - Ozocubu's Armour      Ice            #####...     2%          3
d - Summon Ice Beast      Ice/Summ       ####....     38%         4

Your spell library contained the following spells:

 Spells                   Type           Power        Failure   Level
 Animate Skeleton         Necr           #.....       22%         1
 Apportation              Tloc           #.....       22%         1
 Corona                   Hex            #......      22%         1
 Summon Small Mammal      Summ           #...         22%         1
 Hailstorm                Conj/Ice       ####....     38%         4


Dungeon Overview and Level Annotations

Branches:
Dungeon (7/15)             Temple (0/1) D:5           Sewer (visited)

Shops:
D:4 =


Innate Abilities, Weirdness & Mutations

You have an increased reservoir of magic. (+10% MP)


Message History

There is a stone staircase leading down here.
Okay, then.
Unknown command.
As you read the scroll labeled CEONIF VELUULU, it crumbles to dust.
The creatures around you are filled with an inner flame!
It was a scroll of immolation.
You feel sick. The killer bee misses you.
The killer bee stings you but does no damage. x2
The howler monkey closely misses you. The killer bee barely misses you.
The killer bee stings you but does no damage.
The howler monkey barely misses you.
The killer bee stings you but does no damage.
As you read the scroll of teleportation, it crumbles to dust.
You feel strangely unstable. The killer bee stings you.
* * * LOW HITPOINT WARNING * * *
You are more poisoned.
The killer bee poisons you! The killer bee closely misses you.
The killer bee stings you but does no damage.
The howler monkey completely misses you.
The killer bee completely misses you. The killer bee stings you.
You die...

..................#..............
.......................##########
#####.........#........#.........
#.........##.......#..#...#..
########.#.....[...#_........
#...#.#...)#..#..#...#..
#.###.#...[..##......... #.#
#.#h.#.#############
#.###.#@y#.###..........
#####.#...hyy#...#######....
#...........(###)..##....###
#.....(.....[[<))..##....# #
#...........#####...#....#
#......[<...# ##.......#
#...........# ##......#
#...........# ###....#
#......###### #....#


You could see 2 howler monkeys and 3 killer bees.

Vanquished Creatures
  Grinder (D:6)
  Edmund (D:5)
  Duvessa (D:5)
  A sky beast (D:3)
  2 orc warriors (D:6)
  4 ogres
  A phantom (D:7)
  2 bullfrogs (D:6)
  6 big kobolds (Sewer)
  Dowan (D:5)
  2 howler monkeys
  A bullfrog zombie (D:3)
  4 hounds
  A bullfrog skeleton (D:5)
  2 orc priests
  6 orc wizards
  Terence (D:2)
  An iguana (D:5)
  3 worker ants
  8 adders
  3 gnolls (D:4)
  A howler monkey skeleton (D:6)
  3 oozes (Sewer)
  An adder skeleton (D:4)
  An adder zombie (D:6)
  5 worms
  A dart slug (D:4)
  7 leopard geckos
  23 orcs
  10 bats
  8 giant cockroaches
  7 goblins
  13 hobgoblins
  11 jackals
  3 quokkas (D:4)
  3 ball pythons
  7 frilled lizards
  A jackal zombie (D:5)
  18 kobolds
  11 rats
186 creatures vanquished.

Notes
Turn   | Place    | Note
-------+----------+-------------------------------------------
     0 | D:1      | MrRokkomies the Demigod Ice Elementalist began the quest
                  | for the Orb.
     0 | D:1      | Reached XP level 1. HP: 14/14 MP: 5/5
   427 | D:1      | Reached XP level 2. HP: 22/22 MP: 7/7
  1125 | D:2      | Reached XP level 3. HP: 20/27 MP: 8/8
  1152 | D:2      | Learned a level 3 spell: Frozen Ramparts
  1624 | D:2      | Reached skill level 1 in Fighting
  2102 | D:2      | Noticed Terence
  2111 | D:2      | Killed Terence
  2111 | D:2      | Reached XP level 4. HP: 35/35 MP: 5/10
  2314 | D:3      | You fall into a shaft and drop 1 floor!
  2400 | D:4      | Noticed an ogre
  2410 | D:4      | Killed an ogre
  2410 | D:4      | Reached XP level 5. HP: 41/41 MP: 7/11
  2482 | D:4      | Noticed an ogre
  2493 | D:4      | Killed an ogre
  2693 | D:4      | Found Figyhaf's Jewellery Shop.
  2755 | D:4      | Reached XP level 6. HP: 48/48 MP: 8/13
  2839 | D:4      | Reached skill level 5 in Ice Magic
  2844 | D:4      | Learned a level 3 spell: Ozocubu's Armour
  3980 | D:3      | Reached XP level 7. HP: 30/56 MP: 10/14
  4331 | D:3      | Learned a level 4 spell: Summon Ice Beast
  4383 | D:5      | Entered Level 5 of the Dungeon
  4529 | D:5      | Found a staircase to the Ecumenical Temple.
  4547 | D:5      | Found a glowing drain.
  4565 | Sewer    | Entered a sewer
  4612 | Sewer    | Reached skill level 5 in Dodging
  5051 | D:5      | Reached XP level 8. HP: 35/63 MP: 16/16
  5207 | D:5      | Noticed Dowan
  5208 | D:5      | Noticed Duvessa
  5215 | D:5      | Killed Dowan
  5216 | D:5      | Killed Duvessa
  5375 | D:5      | Noticed Edmund
  5391 | D:5      | Killed Edmund
  6021 | D:6      | HP: 1/66 [orc warrior/+0 halberd (16)]
  6897 | D:6      | Noticed Grinder
  6901 | D:6      | Paralysed by Grinder for 4 turns
  6924 | D:6      | Killed Grinder
  6924 | D:6      | Reached XP level 9. HP: 47/72 MP: 15/19
  7119 | D:6      | Found an ancient bone altar of Kikubaaqudgha.
  7271 | D:6      | HP: 3/72 [poisoned by a killer bee]
  7272 | D:6      | HP: 1/72 [killer bee (2)]
  7272 | D:6      | Slain by a killer bee

Illustrated notes

Levels and vault maps discovered:
D:1:      erik_arrival_orb_chamber, layout_basic, serial_bayou_pond_e,
          minmay_misc_feat_hallway, minmay_bisected
D:2:      layout_basic, chequers_mini_garden, minmay_misc_feat_columns,
          uniq_terence
D:3:      layout_rooms, hex_large, nicolae_underground_beach
D:4:      layout_gridville, serial_shops, kennysheep_mini_moat
D:5:      layout_basic, minmay_temple_entry_purple_smoke,
          cheibrodos_sewer_entry_drain, uniq_duvessa, uniq_edmund
D:6:      layout_rooms, lemuel_coloured_pillars_altar, uniq_grinder
D:7:      layout_layer_cave, minivault_25

Skill      XL: |  1  2  3  4  5  6  7  8  9 |
---------------+----------------------------+-----
Dodging        | 2 3 4 5 6 7 |  7.0
Spellcasting   | 2 3 4 |  4.6
Ice Magic      | 4 5 6 7 |  7.7
Fighting       | 1 2 3 4 |  4.5
Stealth        | |  1.7

Action                   |  1- 3 |  4- 6 |  7- 9 || total
-------------------------+-------+-------+-------++-------
Melee: Short sword       |    89 |       |       ||    89
       Whip              |     5 |       |       ||     5
       Long sword        |    21 |    19 |       ||    40
       Morningstar       |       |    30 |       ||    30
       Halberd           |       |    71 |   189 ||   260
 Fire: Hunting sling     |     4 |     9 |       ||    13
Throw: Dart              |       |       |     4 ||     4
 Cast: Freeze            |     9 |     1 |       ||    10
       Frozen Ramparts   |     4 |     8 |    11 ||    23
       Ozocubu's Armour  |       |     1 |     1 ||     2
  Use: Scroll            |     6 |     3 |     7 ||    16
 Stab: Sleeping          |     1 |     4 |     3 ||     8
Armor: Ring mail         |    64 |    46 |    60 ||   170
Dodge: Dodged            |    93 |    94 |   154 ||   341
       Rpst.: Long sword |     9 |     7 |       ||    16

Table legend: (Time is in decaauts)
 A = Elapsed time spent in this place.
 B = Non-inter-level travel time spent in this place.
 C = Inter-level travel time spent in this place.
 D = Time resting spent in this place.
 E = Time spent auto-exploring this place.
 F = Levels seen in this place.
 G = Mean time per level.
                   A        B        C        D        E       F      G
               +--------+--------+--------+--------+--------+-----+--------+
         Total |   7456 |   7269 |    187 |   1019 |   4926 |   8 |  932.0 |
       Dungeon |   6969 |   6782 |    187 |   1019 |   4572 |   7 |  995.6 |
         Sewer |    486 |    486 |      0 |      0 |    354 |   1 |  486.0 |
               +--------+--------+--------+--------+--------+-----+--------+

Top non-repeatable levels by time:
     D:5: 1467 daAuts
     D:4: 1367 daAuts
     D:2: 1239 daAuts
     D:1: 998 daAuts
     D:6: 971 daAuts
     D:3: 850 daAuts
   Sewer: 486 daAuts
     D:7: 74 daAuts
